 Dungeon Crawl Stone Soup version 0.21.0 (console) character file.

203710 removed the Severer (level 17, -6/166 HPs)
             Began as a Deep Dwarf Ice Elementalist on Jan 6, 2018.
             Was a High Priest of Trog.
             Mangled by a dire flail of holy wrath (14 damage)
             ... on level 2 of the Elven Halls.
             The game lasted 01:43:19 (37196 turns).

removed the Severer (Deep Dwarf Ice Elementalist)  Turns: 37196, Time: 01:43:20

Health: -6/166     AC: 41    Str: 18      XL:     17   Next: 99%
Magic:  14/14      EV:  7    Int: 15 (17) God:    Trog [*****.]
Gold:   1896       SH:  4    Dex: 13      Spells: 19/19 levels left

rFire    + . .     SeeInvis .   a - +3 battleaxe (vamp)
rCold    + . .     Gourm    .   (shield currently unavailable)
rNeg     + . .     Faith    .   N - +9 plate armour {rF+}
rPois    +         Spirit   .   y - +1 helmet
rElec    .         Reflect  .   J - +2 cloak
rCorr    .         Harm     .   W - +1 pair of gloves
MR       ++++.                  e - +2 pair of boots
Stlth    ..........             u - amulet of magic regeneration
HPRegen  1.00/turn              p - ring of poison resistance
MPRegen  0.39/turn              c - ring of protection from cold

@: non-regenerating, heavily drained
A: damage resistance, heal wounds, large bone plates 1, yellow scales 1,
camouflage 1, negative energy resistance 1, sense surroundings 2, no
regeneration
}: 1/15 runes: gossamer
a: Heal Wounds, Berserk, Trog's Hand, Brothers in Arms, Burn Spellbooks,
Renounce Religion


You were on level 2 of the Elven Halls.
You worshipped Trog.
Trog was extremely pleased with you.
You were near starving.

You visited 6 branches of the dungeon, and saw 30 of its levels.
You visited the Abyss 1 time.
You also visited: Sewer and Volcano.

You collected 3471 gold pieces.
You spent 1575 gold pieces at shops.

Inventory:

Hand Weapons
 a - a +3 vampiric battleaxe (weapon)
 g - a +0 blowgun
 P - a +6 broad axe of freezing
Missiles
 S - 8 curare-tipped needles
Armour
 e - a +2 pair of boots (worn)
 y - a +1 helmet (worn)
 J - a +2 cloak (worn)
 N - a +9 plate armour of fire resistance (worn)
 W - a +1 pair of gloves (worn)
Jewellery
 c - a ring of protection from cold (right hand)
 f - an uncursed ring of protection from fire
 h - the ring "Veukaevy" {*Slow rF+++ rC+ MR+ Stlth-}
   (You found it on level 1 of the Elven Halls)

   [ring of protection from magic]

   It renders you almost immune to fire.
   It protects you from cold.
   It affects your resistance to hostile enchantments.
   It may slow you when you take damage.
   It makes you less stealthy.
 i - an uncursed ring of see invisible
 n - an uncursed ring of fire
 p - a ring of poison resistance (left hand)
 u - an amulet of magic regeneration (around neck)
 U - an uncursed ring of fire
 X - an uncursed ring of flight
Wands
 b - a wand of digging (14)
 I - a wand of iceblast (26)
 V - a wand of acid (9)
 Z - a wand of paralysis (40)
Scrolls
 k - 7 scrolls of fear
 q - 3 scrolls of magic mapping
 r - a scroll of holy word
 t - a scroll of enchant weapon
 w - 7 scrolls of remove curse
 F - 5 scrolls of blinking
 G - 10 scrolls of identify
 Q - 3 scrolls of fog
 R - 9 scrolls of teleportation
Potions
 d - 3 potions of haste
 s - 11 potions of curing
 x - 2 potions of cancellation
 B - 6 potions of might
 C - 5 potions of mutation
 E - 4 potions of agility
 H - a potion of resistance
 K - a potion of ambrosia
 L - 4 potions of flight
 M - 4 potions of brilliance
 T - 9 potions of heal wounds
Miscellaneous
 D - a lamp of fire
 O - a lightning rod (4/4)
 Y - a phantom mirror
Comestibles
 z - 42 rations
 A - 2 chunks of flesh


   Skills:
 - Level 14.0(11.5) Fighting
 - Level 20.0(17.1) Axes
 + Level 18.7(15.9) Armour
 - Level 2.1(0.3) Dodging
 - Level 2.4(0.5) Stealth
 - Level 1.7(0.0) Spellcasting
   Level 0.8(0.0) Conjurations
   Level 3.4(1.5) Ice Magic
 - Level 15.0(12.4) Evocations


You had 19 spell levels left.
You didn't know any spells.

Dungeon Overview and Level Annotations

Branches:
Dungeon (15/15)            Temple (1/1) D:4            Lair (6/6) D:9
 Shoals (0/4) Lair:2       Spider (4/4) Lair:4        Slime (0/5) Lair:5
    Orc (2/2) D:12            Elf (2/3) Orc:2        Vaults (0/5) D:14
 Depths (0/5) D:15

Altars:
Ashenzari
Cheibriados
Dithmenos
Elyvilon
Fedhas
Gozag
Hepliaklqana
Kikubaaqudgha
Makhleb
Nemelex Xobeh
Okawaru
Qazlal
Ru
Sif Muna
Trog
Uskayaw
Vehumet
Wu Jian
Xom
Yredelemnul
Zin
The Shining One
Beogh
Jiyva

Shops:
D:8 (   D:14 }   Orc:2 ==%%%   Elf:1 =}}%


Innate Abilities, Weirdness & Mutations

You are resistant to damage.
You can heal yourself by infusing magical energy.
You resist negative energy. (rN+)
You passively map the area around you.
You do not regenerate.
You are partially covered in large bone plates. (SH +4)
You are partially covered in yellow scales. (AC +2)
Your skin changes colour to match your surroundings (Stealth+).


Message History

The dire flail of holy wrath hits you but does no damage.
You hit the dire flail of holy wrath.
The dire flail of holy wrath is severely damaged.
You slash the crawling corpse!
You destroy the crawling corpse!
The dire flail of holy wrath hits you!
* * * LOW HITPOINT WARNING * * *
You closely miss the dire flail of holy wrath.
The dire flail of holy wrath is heavily damaged.
The dire flail of holy wrath hits you!
* * * LOW HITPOINT WARNING * * *
You barely miss the dire flail of holy wrath.
The dire flail of holy wrath is heavily damaged.
The dire flail of holy wrath hits you!
* * * LOW HITPOINT WARNING * * *
The dire flail of holy wrath hits you but does no damage.
You hit the dire flail of holy wrath but do no damage.
The dire flail of holy wrath is heavily damaged.
You slash the small abomination! The dire flail of holy wrath hits you!
You die...

* ** #.## .# *.#
#. #... * ** *.#
.# *#.# #... *,
**.# .# #.#* #...
,* * .# #.##.#
#... , , ,
.##.#.# #+.. ,
..######'#)'#
#... , ,
,5.rer{e())).##
#...
,,,.5######@x(..#
##). ,,, #)(...#
### , #.....#
#.)..## #)#### **
#)# * , , ** #.#
** , , #)# , ,,,
, #.. * ** ,


You could see a deep elf death mage, a deep elf mage, a small abomination, 2
hell rats and a dire flail of holy wrath.

Vanquished Creatures
  Rupert (Lair:3)
  Asterion (Elf:1)
  Kirke (Lair:5)
  6 emperor scorpions
  6 ghost moths
  Louise (D:14)
  An entropy weaver (Spider:4)
  Azrael (Orc:2)
  2 deep elf demonologists (Elf:1)
  2 spark wasps
  A deep elf high priest (Elf:1)
  2 fire dragons (Lair:6)
  A vault guard (D:14)
  6 hydras
  A centaur warrior (D:13)
  15 two-headed ogres
  A vampire mage (D:15)
  3 tengu warriors
  A death knight (D:14)
  5 death yaks (Lair:1)
  7 dancing weapons
  4 orc high priests (Orc:2)
  Sonja (Orc:2)
  A golden dragon zombie (D:15)
  A skeletal warrior (D:15)
  5 unseen horrors
  7 deep elf knights
  A swamp dragon (Lair:6)
  7 deep elf archers
  A tengu zombie (D:15)
  A wizard (D:14)
  2 lindwurms
  6 orc knights
  2 necromancers
  32 wolf spiders
  4 orc sorcerers
  3 ugly things
  11 wolf spider zombies (Spider:2)
  18 orb spiders
  30 deep elf magi
  A tengu skeleton (D:15)
  4 oklob plants (Lair:5)
  3 manticores
  A moth of wrath (Spider:1)
  3 salamanders (Volcano)
  2 cyclopes
  6 black mambas
  An apocalypse crab (Abyss:3)
  6 torpor snails
  6 spiny frogs
  5 gargoyles
  Psyche (D:8)
  4 centaur skeletons
  A kobold demonologist (D:14)
  2 rime drakes (Lair:6)
  6 komodo dragons
  7 redback zombies (Spider:2)
  13 demonic crawlers
  A queen bee (D:10)
  A guardian mummy (D:15)
  2 trolls
  4 tyrant leeches (Lair:6)
  36 jumping spiders
  A fire dragon zombie (D:15)
  17 blink frogs
  14 hornets
  8 tarantella zombies (Spider:2)
  7 hippogriffs
  Grinder (D:3)
  4 raiju (Abyss:3)
  3 slime creatures (D:13)
  An air elemental (Elf:2)
  75 redbacks
  4 wyverns
  5 vampires
  3 water elementals
  4 fire elementals
  19 yaks
  5 basilisks
  24 tarantellas
  2 hogs (Lair:5)
  5 wraiths
  3 fire bats (Volcano)
  6 hungry ghosts
  A neqoxec (Abyss:3)
  A chaos spawn (Abyss:3)
  A spatial vortex (Elf:1)
  A steam dragon (Lair:6)
  2 wargs
  2 soldier ants
  6 acid dragons
  12 water moccasins
  A black bear (shapeshifter) (Elf:1)
  3 hell hounds (Orc:2)
  8 porcupines
  5 sky beasts
  7 ice beasts
  4 black bears
  17 ogres
  25 orc warriors
  3 eyes of draining
  A necrophage (D:9)
  7 wolves
  9 crocodiles
  14 centaurs
  6 big kobolds
  11 bullfrogs
  2 wyvern skeletons
  4 scorpions
  35 killer bees
  12 wights
  7 electric eels
  A small abomination (Abyss:3)
  7 crimson imps
  3 centaur zombies
  5 jellies
  25 orc priests
  6 bullfrog zombies
  5 hounds
  33 orc wizards
  2 bullfrog skeletons
  12 iguanas
  8 worker ants
  2 hound zombies
  A hound skeleton (D:11)
  Robin (D:3)
  11 gnolls
  14 adders
  7 river rats (Sewer)
  6 shadow imps
  4 oozes
  An adder zombie (D:5)
  2 adder skeletons
  6 worms
  A dart slug (D:1)
  13 leopard geckos
  91 orcs
  7 ball pythons
  10 giant cockroaches
  17 goblins
  9 hobgoblins
  8 jackals
  36 kobolds
  4 quokkas
  4 bats
  2 frilled lizards
  A jackal zombie (D:6)
  24 rats
  2 crawling corpses (Elf:2)
  3 fungi
  A lurking horror (Abyss:3)
  7 plants
1138 creatures vanquished.

Vanquished Creatures (collateral kills)
  The ghost of taran the Phalangite, an adept MfBe of Trog (Spider:3)
  A deep elf death mage (Elf:2)
  An ogre mage (Orc:1)
  4 two-headed ogres
  A small abomination (Elf:2)
  A deep elf knight (Elf:2)
  2 deep elf archers (Elf:2)
  3 deep elf magi (Elf:2)
  A wolf spider (Spider:1)
  An orc knight (Orc:1)
  2 redbacks (Spider:1)
  A warg (Orc:1)
  6 orc warriors
  An orc (Orc:1)
26 creatures vanquished.

Vanquished Creatures (others)
  A deep elf knight (Elf:1)
  A spatial maelstrom (Elf:1)
  A crocodile (Lair:5)
  A bullfrog (Lair:5)
  3 fungi (Lair:5)
  10 plants
17 creatures vanquished.

Grand Total: 1181 creatures vanquished

Notes
Turn   | Place    | Note
-------+----------+-------------------------------------------
     0 | D:1      | removed the Deep Dwarf Ice Elementalist began the quest for the Orb.
     0 | D:1      | Reached XP level 1. HP: 15/15 MP: 3/3
   361 | D:1      | Reached XP level 2. HP: 16/22 MP: 0/4
   809 | D:1      | Reached skill level 1 in Axes
   925 | D:2      | Reached XP level 3. HP: 10/28 MP: 5/5
  1079 | D:2      | Reached skill level 2 in Axes
  1700 | D:3      | Noticed Grinder
  1700 | D:3      | Paralysed by Grinder for 7 turns
  1796 | D:3      | Found a hazy altar of Hepliaklqana.
  1811 | D:3      | Reached skill level 3 in Axes
  1858 | D:3      | Reached XP level 4. HP: 14/36 MP: 6/6
  1938 | D:3      | Paralysed by Grinder for 6 turns
  1960 | D:3      | Killed Grinder
  1960 | D:3      | Reached skill level 5 in Axes
  1960 | D:3      | Reached XP level 5. HP: 21/42 MP: 6/6
  2025 | D:3      | Reached XP level 6. HP: 24/49 MP: 7/7
  2145 | D:3      | Noticed Robin
  2154 | D:3      | Reached skill level 6 in Axes
  2160 | D:3      | Killed Robin
  2168 | D:3      | Reached skill level 1 in Armour
  2563 | D:4      | Found a staircase to the Ecumenical Temple.
  2571 | Temple   | Entered the Ecumenical Temple
  2777 | Temple   | Became a worshipper of Trog the Wrathful
  3459 | D:4      | Reached skill level 7 in Axes
  3610 | D:4      | Reached XP level 7. HP: 28/55 MP: 8/8
  3627 | D:4      | Found a burning altar of Makhleb.
  3810 | D:5      | Entered Level 5 of the Dungeon
  3822 | D:5      | Reached skill level 8 in Axes
  3877 | D:5      | Reached * piety under Trog
  4063 | D:5      | Reached skill level 9 in Axes
  4193 | D:5      | Reached XP level 8. HP: 62/62 MP: 9/9
  4199 | D:5      | Reached skill level 10 in Axes
  4466 | D:5      | Reached skill level 1 in Fighting
  4812 | D:5      | Found a snail-covered altar of Cheibriados.
  5362 | D:6      | Found a glowing drain.
  5416 | Sewer    | Entered a sewer
  5463 | Sewer    | Reached ** piety under Trog
  5602 | Sewer    | Reached skill level 5 in Armour
  6010 | D:6      | Gained mutation: You passively map the area around you. [Deep Dwarf growth]
  6010 | D:6      | Reached XP level 9. HP: 37/76 MP: 9/9
  6032 | D:6      | Found an opulent altar of Gozag.
  6263 | D:6      | Reached *** piety under Trog
  6838 | D:6      | Found a radiant altar of Vehumet.
  6851 | D:6      | Found an ancient bone altar of Kikubaaqudgha.
  6868 | D:6      | Reached skill level 11 in Axes
  6891 | D:6      | Identified Kikubaaqudgha's Volume of Sinister Secrets
  6898 | D:6      | Found a deep blue altar of Sif Muna.
  7236 | D:7      | Got a transparent rapier
  7335 | D:7      | Reached **** piety under Trog
  7361 | D:7      | Reached skill level 12 in Axes
  7507 | D:7      | Found a snail-covered altar of Cheibriados.
  8496 | D:8      | Noticed Psyche
  8503 | D:8      | Killed Psyche
  8503 | D:8      | Reached XP level 10. HP: 32/86 MP: 9/9
  8503 | D:8      | Reached skill level 13 in Axes
  8686 | D:8      | Noticed a two-headed ogre
  8696 | D:8      | Killed a two-headed ogre
  8835 | D:8      | Noticed a two-headed ogre
  8843 | D:8      | Killed a two-headed ogre
  8843 | D:8      | Reached skill level 14 in Axes
  9144 | D:8      | Found a basalt altar of Yredelemnul.
  9410 | D:8      | Found a glowing silver altar of Zin.
  9503 | D:8      | Found Cacs's Weapon Shoppe.
  9632 | D:9      | Reached skill level 1 in Evocations
  9668 | D:9      | Found a white marble altar of Elyvilon.
  9809 | D:9      | Noticed a two-headed ogre
  9815 | D:9      | Killed a two-headed ogre
  9815 | D:9      | Reached skill level 5 in Evocations
  9934 | D:9      | Found a stormy altar of Qazlal.
  9937 | D:9      | Got a translucent ring mail
  9961 | D:9      | Found a shadowy altar of Dithmenos.
 10135 | D:9      | Identified the cursed +1 ring mail of Ykas {rPois rC+} (You found it on level 9 of the Dungeon)
 10277 | D:9      | Found a staircase to the Lair.
 10496 | D:9      | Reached skill level 5 in Fighting
 10496 | D:9      | Reached XP level 11. HP: 71/94 MP: 11/11
 10519 | D:9      | Noticed a two-headed ogre
 10530 | D:9      | Killed a two-headed ogre
 10596 | D:9      | Noticed a purple ugly thing
 10604 | D:9      | Killed a purple ugly thing
 10778 | D:9      | Found the +9 heavy crossbow "Sniper" {velocity, Acc+∞ SInv}
 10800 | D:9      | Noticed a tengu warrior
 10824 | D:9      | Killed a tengu warrior
 10988 | D:9      | Reached ***** piety under Trog
 11271 | D:9      | Identified the +7 rapier of the Fox {pierce, +Blink} (You found it on level 7 of the Dungeon)
 11274 | D:10     | Entered Level 10 of the Dungeon
 11589 | D:10     | Reached skill level 15 in Axes
 11594 | D:10     | Received a gift from Trog
 11956 | D:11     | Noticed a brown ugly thing
 11963 | D:11     | Killed a brown ugly thing
 12110 | D:11     | Noticed a red ugly thing
 12118 | D:11     | Killed a red ugly thing
 12494 | D:11     | Reached skill level 16 in Axes
 12602 | D:11     | Noticed a two-headed ogre
 12609 | D:11     | Killed a two-headed ogre
 12609 | D:11     | Reached XP level 12. HP: 43/106 MP: 10/10
 12787 | D:11     | Noticed a two-headed ogre
 12795 | D:11     | Killed a two-headed ogre
 13427 | Lair:1   | Entered Level 1 of the Lair of Beasts
 13668 | Lair:1   | Noticed a death yak
 13669 | Lair:1   | Noticed a death yak
 13670 | Lair:1   | Noticed a death yak
 13700 | Lair:1   | Reached skill level 17 in Axes
 13706 | Lair:1   | Noticed a death yak
 13706 | Lair:1   | Noticed a death yak
 13708 | Lair:1   | Killed a death yak
 13824 | Lair:1   | Killed a death yak
 13826 | Lair:1   | Killed a death yak
 13826 | Lair:1   | Killed a death yak
 13828 | Lair:1   | Killed a death yak
 13828 | Lair:1   | Received a gift from Trog
 14160 | Lair:1   | Reached skill level 18 in Axes
 14163 | Lair:1   | Got a steaming battleaxe {god gift}
 14271 | Lair:1   | Identified the +6 battleaxe of Agnosticism {holy, *Drain rN++} (Trog gifted it to you on level 1 of the Lair of Beasts)
 14808 | Lair:1   | Noticed a six-headed hydra
 14859 | Lair:1   | Killed a six-headed hydra
 15618 | Lair:2   | Found a staircase to the Shoals.
 16151 | Lair:2   | You fall through a shaft for 2 floors!
 16257 | Lair:4   | Reached XP level 13. HP: 60/117 MP: 12/12
 16353 | Lair:3   | Noticed Rupert
 16370 | Lair:3   | Killed Rupert
 17145 | Lair:3   | Found a hide-covered altar of Uskayaw.
 17680 | Lair:4   | Found a hole to the Spider Nest.
 18359 | Lair:5   | Reached skill level 10 in Armour
 18424 | Lair:5   | Found a staircase to the Slime Pits.
 18424 | Lair:5   | Found a viscous altar of Jiyva.
 18604 | Lair:5   | Noticed Kirke
 18614 | Lair:5   | Killed Kirke
 18945 | Lair:5   | Reached skill level 19 in Axes
 19447 | Lair:6   | Entered Level 6 of the Lair of Beasts
 19989 | Lair:6   | Noticed a fire dragon
 20001 | Lair:6   | Killed a fire dragon
 20639 | Lair:6   | Found a runed door.
 20647 | Lair:6   | Gained mutation: You resist negative energy. (rN+) [Deep Dwarf growth]
 20647 | Lair:6   | Reached XP level 14. HP: 58/126 MP: 13/13
 20687 | Lair:6   | Reached skill level 20 in Axes
 22048 | D:12     | Found a staircase to the Orcish Mines.
 22516 | D:12     | Reached skill level 10 in Fighting
 22671 | D:12     | You fall through a shaft for 3 floors!
 22671 | D:15     | Entered Level 15 of the Dungeon
 23160 | D:14     | Noticed Louise
 23193 | D:15     | Reached ****** piety under Trog
 23239 | D:14     | Killed Louise
 23239 | D:14     | Received a gift from Trog
 24268 | Orc:1    | Entered Level 1 of the Orcish Mines
 24278 | Orc:1    | Reached skill level 10 in Evocations
 24666 | Orc:2    | Entered Level 2 of the Orcish Mines
 24780 | Orc:2    | Found a staircase to the Elven Halls.
 24786 | Orc:2    | Noticed Azrael
 24802 | Orc:2    | Killed Azrael
 24866 | Orc:2    | Found a dark tunnel.
 24875 | Volcano  | Entered a volcano
 24922 | Volcano  | Received a gift from Trog
 24922 | Volcano  | Reached XP level 15. HP: 142/142 MP: 13/13
 25306 | Orc:2    | Found Ocvazop's Jewellery Shop.
 25326 | Orc:2    | Noticed Sonja
 25332 | Orc:2    | Killed Sonja
 26350 | Orc:2    | Found Zyhomih's Food Boutique.
 26350 | Orc:2    | Found Cuzig's Jewellery Shoppe.
 26352 | Orc:2    | Found Vusoopne's Food Boutique.
 26352 | Orc:2    | Found Uca Lufa's Food Shoppe.
 26736 | Orc:1    | Found a roughly hewn altar of Beogh.
 27976 | D:14     | Found a gate to the Vaults.
 28142 | D:14     | You fall through a shaft!
 28413 | D:14     | Found Tosaz's Gadget Shoppe.
 28650 | D:15     | Found a staircase to the Depths.
 29147 | D:15     | Identified a scroll of acquirement
 29480 | Lair:5   | Got a brightly glowing cloak
 29491 | Lair:5   | Identified the +1 cloak of the Mind {+Blink rCorr Str-3 SInv} (You acquired it on level 5 of the Lair of Beasts)
 29710 | Orc:2    | Bought an uncursed ring of poison resistance for 300 gold pieces
 29915 | Spider:1 | Entered Level 1 of the Spider Nest
 30155 | Spider:1 | Received a gift from Trog
 30225 | Spider:1 | You fall through a shaft!
 30246 | Spider:2 | Reached XP level 16. HP: 152/152 MP: 12/12
 31320 | Spider:1 | Received a gift from Trog
 31323 | Spider:1 | Got a sapphire hand axe {god gift}
 31355 | Spider:1 | Got an ancient cloak
 31366 | Spider:1 | Identified the +1 cloak of Pandemonium {rC- Str+4 Stlth+} (You acquired it on level 1 of the Spider Nest)
 31789 | D:14     | Bought a wand of paralysis (13) for 255 gold pieces
 31789 | D:14     | Bought a sack of spiders for 340 gold pieces
 31789 | D:14     | Bought a lightning rod (4/4) for 680 gold pieces
 32160 | Spider:2 | Got an encrusted ring mail
 32512 | Spider:2 | Reached skill level 15 in Evocations
 33202 | Spider:3 | Noticed taran's ghost (adept MfBe)
 33223 | Spider:3 | Killed taran's ghost
 33250 | Spider:3 | Reached skill level 15 in Armour
 33435 | Spider:3 | Received a gift from Trog
 33910 | Spider:4 | Entered Level 4 of the Spider Nest
 34029 | Spider:4 | Reached XP level 17. HP: 163/163 MP: 15/15
 34391 | Spider:4 | Received a gift from Trog
 34480 | Spider:4 | Got a gossamer rune of Zot
 35283 | Elf:1    | Entered Level 1 of the Elven Halls
 35388 | Elf:1    | Found Pouptyh's Food Emporium.
 35480 | Elf:1    | Found a transporter.
 35506 | Elf:1    | Noticed Asterion
 35520 | Elf:1    | Killed Asterion
 35570 | Elf:1    | Found a transporter.
 35673 | Elf:1    | Received a gift from Trog
 35676 | Elf:1    | Got a brightly glowing halberd {god gift}
 36156 | Elf:1    | Found Zushritu's Gadget Shop.
 36207 | Elf:1    | Found Beuheh's Jewellery Shoppe.
 36208 | Elf:1    | Found Plog's Gadget Shop.
 36372 | Elf:1    | Cast into level 3 of the Abyss (the power of Zot)
 36476 | Abyss:3  | Gained mutation: Your skin changes colour to match your surroundings (Stealth+). [a neqoxec]
 36478 | Abyss:3  | Gained mutation: You are partially covered in yellow scales. (AC +2) [a neqoxec]
 36480 | Abyss:3  | Gained mutation: You are partially covered in large bone plates. (SH +4) [a neqoxec]
 36497 | Elf:1    | Escaped the Abyss
 36626 | Elf:1    | Got a slimy plate armour
 36639 | Elf:1    | Got a wavering jade ring
 36646 | Elf:1    | Got a shimmering glass ring
 36703 | Elf:1    | Identified the cursed +1 plate armour "Valilias" {*Corrode rN+ Str+5} (You found it on level 1 of the Elven Halls)
 36717 | Elf:1    | Identified the ring "Veukaevy" {*Slow rF+++ rC+ MR+ Stlth-} (You found it on level 1 of the Elven Halls)
 36719 | Elf:1    | Identified the cursed ring "Foolucu" {Str-6 Dex+2} (You found it on level 1 of the Elven Halls)
 37045 | Elf:2    | Found an ancient bone altar of Kikubaaqudgha.
 37123 | Elf:2    | Received a gift from Trog
 37195 | Elf:2    | HP: 7/166 [dire flail of holy wrath (13)]
 37196 | Elf:2    | Mangled by a dire flail of holy wrath

Skill      XL: |  1  2  3  4  5  6  7  8  9 10 11 12 13 14 15 16 17 |
---------------+----------------------------------------------------+-----
Ice Magic      | 3 |  3.4
Axes           | 1 3 5 7 9 10 12 14 16 18 19 20 | 20.0
Armour         | 1 5 7 10 14 16 18 | 18.7
Fighting       | 3 4 5 6 7 8 11 12 13 14 | 14.0
Evocations     | 6 8 11 13 15 | 15.0
Dodging        | |  2.1
Stealth        | |  2.4
Spellcasting   | |  1.7
Conjurations   | |  0.8

Action                   |  1- 3 |  4- 6 |  7- 9 | 10-12 | 13-15 | 16-18 || total
-------------------------+-------+-------+-------+-------+-------+-------++-------
Melee: Whip              |     7 |       |       |       |       |       ||     7
       Hand axe          |   103 |   215 |   375 |       |       |       ||   693
       Battleaxe         |       |       |   137 |   625 |  1239 |  1335 ||  3336
 Cast: Freeze            |    23 |       |       |       |       |       ||    23
Invok: Burn Spellbooks   |       |     1 |     1 |     4 |     4 |     6 ||    16
       Berserk           |       |       |    12 |    29 |    42 |     5 ||    88
       Trog's Hand       |       |       |     3 |    15 |    20 |     8 ||    46
       Brothers in Arms  |       |       |       |       |     4 |     2 ||     6
 Abil: Heal Wounds       |     2 |     4 |     6 |    13 |    27 |     2 ||    54
Evoke: Wand              |       |       |       |    10 |    52 |     8 ||    70
       Phantom mirror    |       |       |       |       |     1 |       ||     1
       Lightning rod     |       |       |       |       |       |    10 ||    10
       Lamp of fire      |       |       |       |       |       |     3 ||     3
       Sack of spiders   |       |       |       |       |       |     1 ||     1
  Use: Scroll            |     4 |       |     9 |    13 |    13 |    11 ||    50
       Potion            |       |     2 |       |     3 |     6 |     2 ||    13
 Stab: Sleeping          |     2 |       |       |       |       |     1 ||     3
       Paralysed         |       |       |       |     2 |    32 |       ||    34
       Distracted        |       |       |       |       |     1 |     2 ||     3
       Invisible         |       |       |       |       |     3 |       ||     3
       Confused          |       |       |       |       |       |     3 ||     3
  Eat: Chunk             |     4 |     6 |    26 |    46 |    66 |    18 ||   166
       Ration            |       |       |       |     7 |    10 |     4 ||    21
Armor: Robe              |    32 |       |       |       |       |       ||    32
       Plate armour      |    12 |   146 |   361 |   461 |   908 |  1749 ||  3637
       Skin              |       |       |       |    12 |       |       ||    12
Dodge: Dodged            |    63 |    38 |   110 |   163 |   338 |   602 ||  1314
Block: Other             |       |       |       |       |       |    26 ||    26
